 Dungeon Crawl Stone Soup version 0.20-a0-369-g71b9d6e (webtiles) character file.

294 Ijustatesigmund the Chopper (level 6, -3/57 HPs)
             Began as a Hill Orc Monk on Dec 27, 2016.
             Slain by an ice beast (7 damage)
             ... on level 5 of the Dungeon.
             The game lasted 00:09:36 (4163 turns).

Ijustatesigmund the Chopper (Hill Orc Monk)         Turns: 4163, Time: 00:09:36

Health: -3/57      AC:  4    Str: 15    XL:     6   Next: 33%
Magic:  6/6        EV: 13    Int: 10    God:
Gold:   159        SH:  0    Dex: 14    Spells: 5/5 levels left

rFire  . . .     SeeInvis .     a - +0 hand axe
rCold  . . .     Gourm    .     e - +2 robe {MR+}
rNeg   . . .     Faith    .     (no shield)
rPois  .         Spirit   .     (no helmet)
rElec  .         Reflect  .     (no cloak)
rCorr  .         Harm     .     (no gloves)
MR     +....                    (no boots)
Stlth  +.........               (no amulet)
                                (no ring)
                                (no ring)

@: silence
A: no striking features
a: no special abilities


You were on level 5 of the Dungeon.
You were not hungry.

You visited 1 branch of the dungeon, and saw 5 of its levels.

You collected 159 gold pieces.

Inventory:

Hand Weapons
 a - a +0 hand axe (weapon)
 k - a +0 mace of holy wrath
Missiles
 g - 2 curare-tipped needles
Armour
 e - a +2 robe of magic resistance (worn)
 l - a +0 plate armour
 m - the +1 ring mail of Repulsion {-Tele Int+4}
   (You found it on level 4 of the Dungeon)

   It affects your intelligence (+4).
   It prevents most forms of teleportation.
Wands
 o - a wand of disintegration (8/24)
Scrolls
 b - 5 scrolls of remove curse
 d - 3 scrolls of magic mapping
 f - a scroll of amnesia
Potions
 n - a potion of flight
 p - a potion of might
 q - 2 potions of curing
Comestibles
 c - 2 bread rations
 j - a meat ration


   Skills:
 + Level 5.9 Fighting
 + Level 7.4 Axes
 - Level 2.4 Dodging
 - Level 1.5 Stealth


You had 5 spell levels left.
You didn't know any spells.

Dungeon Overview and Level Annotations

Branches:
Dungeon (4/15)
 Temple: D:4-7

Altars:
Cheibriados


Message History

The sky beast is lightly wounded.
You barely miss the ice beast.
The sky beast hits you but does no damage.
You barely miss the ice beast. You hit the sky beast. The ice beast hits you.
The ice beast freezes you! The sky beast closely misses you.
You closely miss the ice beast. You hit the sky beast. The ice beast hits you.
The ice beast freezes you! The sky beast hits you. The sky beast shocks you.
You closely miss the ice beast. You hit the sky beast. The ice beast hits you.
The ice beast freezes you!
* * * LOW HITPOINT WARNING * * *
The sky beast hits you.
* * * LOW HITPOINT WARNING * * *
The sky beast shocks you.
* * * LOW HITPOINT WARNING * * *
As you read the scroll labeled EVIEDULUSEI, it crumbles to dust.
A profound silence engulfs you.
It was a scroll of silence.
The ice beast hits you.
* * * LOW HITPOINT WARNING * * *
The ice beast freezes you!
You die...

.....##+#####
............#
............#
.$..........#
............#
..........#
#.......#
########YY..####
.......+@...)..+
##.....#....####
#..h..#....#
#.....#....#
#######....#
######


You could see an ice beast and a sky beast.

Vanquished Creatures
  A scorpion (D:4)
  A hound (D:4)
  Ijyb (D:3)
  Terence (D:3)
  Robin (D:2)
  2 adders (D:3)
  4 gnolls
  An ooze (D:3)
  2 worms (D:3)
  2 dart slugs (D:1)
  3 leopard geckos
  3 orcs (D:4)
  8 bats
  2 giant cockroaches (D:1)
  15 goblins
  8 hobgoblins
  3 jackals (D:2)
  9 kobolds
  4 frilled lizards (D:2)
  10 rats
81 creatures vanquished.

Notes
Turn   | Place    | Note
-------+----------+-------------------------------------------
     0 | D:1      | Ijustatesigmund the Hill Orc Monk began the quest for the Orb.
     0 | D:1      | Reached XP level 1. HP: 19/19 MP: 1/1
   368 | D:1      | Reached XP level 2. HP: 26/27 MP: 2/2
   658 | D:1      | Reached skill level 5 in Axes
   870 | D:1      | Reached XP level 3. HP: 33/33 MP: 3/3
  1495 | D:3      | Noticed Ijyb
  1530 | D:3      | Killed Ijyb
  1530 | D:3      | Reached XP level 4. HP: 20/41 MP: 4/4
  1781 | D:3      | Noticed Terence
  1817 | D:4      | Reached skill level 6 in Axes
  1817 | D:4      | Reached XP level 5. HP: 40/47 MP: 5/5
  1840 | D:4      | Got a jewelled ring mail
  1864 | D:4      | Reached skill level 5 in Fighting
  1877 | D:4      | Identified the +1 ring mail of Repulsion {-Tele Int+4} (You found it on level 4 of the Dungeon)
  1915 | D:3      | Killed Terence
  2067 | D:3      | Reached skill level 7 in Axes
  2450 | D:3      | Found a snail-covered altar of Cheibriados.
  2872 | D:3      | Reached XP level 6. HP: 18/56 MP: 6/6
  3308 | D:2      | Noticed Robin
  3322 | D:2      | Killed Robin
  4040 | D:2      | Found a faded altar of an unknown god.
  4150 | D:4      | You fall through a shaft!
  4150 | D:5      | Entered Level 5 of the Dungeon
  4150 | D:5      | Noticed an ice beast
  4150 | D:5      | Noticed a sky beast
  4163 | D:5      | Slain by an ice beast

Vault maps used:
D:1:      sevenhm_arrival_forest_fort_small_5
D:2:      chequers_ecumenical_altar_simple, hangedman_decor_diamond_cutter,
          minmay_heptomino_d4, uniq_robin
D:3:      general_overflow_altar, corexii_corridor_pit, minmay_close_crescents,
          uniq_terence, uniq_iyjb
D:4:      lemuel_crystal_altar, overflow_temple_1_default, first_bread,
          uniq_natasha, uniq_duvessa
D:5:      minmay_overflow_temple_hex, hangedman_abyss_or_decor_stabs,
          uniq_pikel, uniq_grinder

Skill      XL: |  1  2  3  4  5 |
---------------+----------------+-----
Fighting       | 4 5 |  5.9
Axes           | 5 6 7 |  7.4
Dodging        | |  2.4
Stealth        | |  1.5

Action                   |  1- 3 |  4- 6 || total
-------------------------+-------+-------++-------
Melee: Hand axe          |   145 |   177 ||   322
  Use: Scroll            |       |     8 ||     8
 Stab: Sleeping          |     4 |       ||     4
       Distracted        |       |     2 ||     2
  Eat: Chunk             |     2 |     3 ||     5
       Royal jelly       |       |     1 ||     1
       Beef jerky        |       |     1 ||     1
       Pizza             |       |     2 ||     2
Armor: Robe              |    30 |    49 ||    79
       Plate armour      |       |    21 ||    21
Dodge: Dodged            |    87 |   158 ||   245
